 Dungeon Crawl Stone Soup version 0.31-a0-640-g39d97e502b (webtiles) character file.

Game seed: 16975351861623718192

35 qw the Shooter (level 3, -5/22 HPs)
             Began as a Gargoyle Hunter on Aug 27, 2023.
             Slain by Sigmund
             ... wielding a +0 scythe
              (7 damage)
             ... on level 2 of the Dungeon.
             The game lasted 00:00:23 (616 turns).

qw the Shooter (Gargoyle Hunter)                     Turns: 616, Time: 00:00:23

Health: -5/22      AC:  6    Str: 14    XL:     3   Next: 35%
Magic:  3/3        EV: 11    Int:  9    God:
Gold:   56         SH:  5    Dex: 15    Spells: 2/2 levels left

rFire   . . .        Y - +0 shortbow
rCold   . . .        (shield currently unavailable)
rNeg    + . .        c - +0 leather armour
rPois   inf          (no helmet)
rElec   +            (no cloak)
rCorr   .            (no gloves)
SInv    .            (no boots)
Will    .....        i - amulet of reflection
Stlth   ++           (no ring)
HPRegen 0.23/turn    (no ring)
MPRegen 0.08/turn

%: reflection
@: no status effects
A: sickness immunity, AC +3, negative energy resistance 1, electricity
resistance, torment resistance 1, petrification resistance
a: no special abilities


You were on level 2 of the Dungeon.
You visited 1 branch of the dungeon, and saw 2 of its levels.

You collected 56 gold pieces.


Innate Abilities, Weirdness & Mutations

You are immune to sickness and miasma.
Your stone body is resilient. (AC +3)
You are immune to poison.
You resist negative energy. (rN+)
You are resistant to electric shocks. (rElec)
You are resistant to unholy torment.
You are immune to petrification.


   Skills:
 + Level 2.5 Fighting
 - Level 5.0 Ranged Weapons
 - Level 1.5 Dodging
 - Level 1.1 Stealth


You had 2 spell levels left.
You didn't know any spells.
Your spell library was empty.

Inventory:

Hand Weapons
 Y - a +0 shortbow (weapon)
Armour
 c - a +0 leather armour (worn)
Jewellery
 b - a ring of wizardry
 h - a ring of ice
 i - an amulet of reflection (around neck)
Scrolls
 a - a scroll of identify
Potions
 d - a potion of curing {unknown}
 e - a potion of lignification {unknown}
 g - a potion of brilliance {unknown}
 j - a potion of attraction {unknown}

Dungeon Overview and Level Annotations

Branches:
Dungeon (2/15)

Altars:

Shops:
D:1 !

Annotations:
D:2 Sigmund


Message History

Sigmund the Dreaded comes into view.
He is wielding a +0 scythe.
You shoot an arrow. The arrow hits Sigmund.
Sigmund shouts!
Sigmund is lightly wounded.
Sigmund gestures at you while chanting.
You are confused.
Sigmund closely misses you.
Sigmund points at you and mumbles some strange words.
The puff of flame hits you!
You feel less confused.
Sigmund hits you from afar with a +0 scythe!
You shoot an arrow.
The arrow hits Sigmund but does no damage.
Sigmund is lightly wounded.
Sigmund barely misses you.
You shoot an arrow.
The arrow hits Sigmund but does no damage.
Sigmund is lightly wounded.
You shoot an arrow.
The arrow hits Sigmund but does no damage.
Sigmund is lightly wounded.
Sigmund closely misses you.
You shoot an arrow. The arrow hits Sigmund.
Sigmund is lightly wounded.
Sigmund hits you but does no damage.
You shoot an arrow. The arrow hits Sigmund.
Sigmund is moderately wounded.
Sigmund hits you but does no damage.
You shoot an arrow.
The arrow hits Sigmund but does no damage.
Sigmund is moderately wounded.
You shoot an arrow. The arrow hits Sigmund.
Sigmund is heavily wounded.
Sigmund says, "Now you see me, now you don't..."
Sigmund hits you from afar with a +0 scythe.
You shoot an arrow. The arrow hits Sigmund.
Sigmund is heavily wounded.
Sigmund hits you from afar with a +0 scythe!
You die...
Sigmund begins carving another notch in his scythe.

... ..< #........######
.......... ...
...%....##...
.........#.#
###....##.#@#
.........#.#####.
###.#.....@.......
+...............#.
#.#..##.#########
#.#...#........
#.##[.#.#..########
#.##..#.#.........# #.#
#.##..#.##.####...# ..#
#.##..#.#.....<...#
#######.##..#.#...###.^.#


You could see Sigmund.

Vanquished Creatures
  A ball python (D:2)
  9 endoplasms
  A giant cockroach (D:1)
  2 goblins (D:1)
  2 hobgoblins
  4 kobolds
  2 quokkas
  3 bats
  2 frilled lizards (D:1)
  4 rats
30 creatures vanquished.

Notes
Turn   | Place    | Note
-------+----------+-------------------------------------------
     0 | D:1      | qw the Gargoyle Hunter began the quest for the Orb.
     0 | D:1      | Reached XP level 1. HP: 12/12 MP: 1/1
     0 | D:1      | 0 ||| qw: Version: 0.3-a-74-g0d5e918
     0 | D:1      | 0 ||| qw: Game counter: 64
     0 | D:1      | 0 ||| qw: Melee chars always use a shield: true
     0 | D:1      | 0 ||| qw: God list: Okawaru
     0 | D:1      | 0 ||| qw: Allow faded altars: false
     0 | D:1      | 0 ||| qw: Do Orc after clearing Dungeon:15 true
     0 | D:1      | 0 ||| qw: Do second Lair branch before Depths: true
     0 | D:1      | 0 ||| qw: Lair rune preference: random
     0 | D:1      | 0 ||| qw: Goals: Normal
     0 | D:1      | 0 ||| PLANNING D:1-11
    27 | D:1      | Reached XP level 2. HP: 17/17 MP: 2/2
   133 | D:1      | Found Utwo's Distillery.
   151 | D:1      | 151 ||| SHOPLISTING potion of cancellation (112 gold, have
                  | 20).
   151 | D:1      | 151 ||| SHOPLISTING potion of curing (42 gold, have 20).
   218 | D:1      | Reached XP level 3. HP: 21/21 MP: 3/3
   300 | D:1      | 300 ||| UPGRADING to amulet of reflection.
   305 | D:1      | 305 ||| READING 2 scrolls labelled BALASHR QAECSUTH.
   306 | D:1      | 306 ||| READING scroll labelled PYGETH ZUOBUOD.
   311 | D:1      | 311 ||| READING scroll labelled WIARCH VOPAO.
   312 | D:1      | 312 ||| DROPPING scroll of butterflies.
   366 | D:2      | Reached skill level 5 in Ranged Weapons
   454 | D:2      | 454 ||| DROPPING +0 heavy sling.
   602 | D:2      | Noticed Sigmund
   608 | D:2      | HP: 3/22 [Sigmund/+0 scythe (10)]
   615 | D:2      | HP: 2/22 [Sigmund/+0 scythe (3)]
   616 | D:2      | Slain by Sigmund

Levels and vault maps discovered:
D:1:      orjb1_lava_funnel, layout_basic, serial_shops, nicolae_shop_tiny_glass
D:2:      layout_basic, uniq_sigmund

Skill      XL: |  1  2  3 |
---------------+----------+-----
Ranged Weapons | 5 |  5.0
Fighting       | |  2.5
Dodging        | |  1.5
Stealth        | |  1.1

Action                     || total
---------------------------++-------
   Fire: Shortbow          ||    81
    Use: Scroll            ||     3
 Armour: Leather armour    ||     6
  Dodge: Dodged            ||     8
  Block: Other             ||     4

Table legend:
 A = Non-vault XP
 B = Vault XP
 C = Vault XP percentage of total XP
 D = Non-vault monster count
 E = Vault monster count
 F = Vault count percentage of total count
                 A         B        C        D         E       F
            +---------+---------+-------+---------+---------+-------
      Total |      51 |       0 |   0.0 |      30 |       0 |   0.0
            +---------+---------+-------+---------+---------+-------
        D:1 |      36 |       0 |   0.0 |      21 |       0 |   0.0
        D:2 |      15 |       0 |   0.0 |       9 |       0 |   0.0
            +---------+---------+-------+---------+---------+-------
